 Dungeon Crawl Stone Soup version 0.29-a0-214-g17f627cfee (webtiles) character file.

Game seed: 8708266430628796975

1428 freelancePsychic the Conjurer (level 8, -1/61 HPs)
             Began as a Demonspawn Wanderer on Feb 25, 2022.
             Was an Initiate of Ru.
             Killed by nerve-wracking pain
             ... invoked by Menkaure
              (14 damage)
             ... on level 7 of the Dungeon.
             The game lasted 00:17:40 (7794 turns).

freelancePsychic the Conjurer (Demonspawn Wanderer) Turns: 7794, Time: 00:17:41

Health: -1/61      AC:  5    Str: 15    XL:     8   Next: 44%
Magic:  2/13       EV: 11    Int: 17    God:    Ru [......]
Gold:   292        SH:  0    Dex: 11    Spells: 10/14 levels left

rFire   . . .      SeeInvis .   a - +2 hand axe
rCold   + . .      Faith    .   (no shield)
rNeg    . . .      Spirit   .   i - +1 leather armour {rC+}
rPois   .          Reflect  .   (helmet restricted)
rElec   .          Harm     .   m - scarf {shadows}
rCorr   .          Rampage  .   (no gloves)
Will    .....                   y - +0 pair of boots
Stlth   +.........              b - amulet of regeneration
HPRegen 1.00/turn               (no ring)
MPRegen 0.13/turn               (no ring)

@: no status effects
A: antennae 1, ignite blood 2, spiny 1, big brain 1
a: Renounce Religion, Sacrifice Durability, Sacrifice Courage, Sacrifice Words,
Reject Sacrifices


You were on level 7 of the Dungeon.
You worshipped Ru.
Ru was noncommittal.
You visited 2 branches of the dungeon, and saw 8 of its levels.
You also visited: Sewer.

You collected 355 gold pieces.
You spent 63 gold pieces at shops.

Inventory:

Hand Weapons
 a - a +2 hand axe (weapon)
Missiles
 j - 4 throwing nets
Armour
 i - a +1 leather armour of cold resistance (worn)
 m - a scarf of shadows (worn)
 x - the +0 scale mail of Divine Intervention {rF+ rN+ rCorr}
   (You found it on level 6 of the Dungeon)

   rF:        It protects you from fire.
   rN:        It protects you from negative energy.
   rCorr:     It protects you from acid and corrosion.
 y - a +0 pair of boots (worn)
Magical Staves
 k - a staff of fire
Jewellery
 b - an amulet of regeneration (around neck)
 t - a ring of fire
Wands
 g - a wand of digging (6)
Scrolls
 d - a scroll of blinking
 e - 2 scrolls of enchant armour
 l - 3 scrolls of teleportation {@r4}
 n - 2 scrolls of summoning
 o - a scroll of identify {@r1}
 p - a scroll of magic mapping
 s - 2 scrolls of noise
 w - a scroll of immolation {unknown}
 z - a scroll of torment {unknown}
Potions
 c - 2 potions of lignification {unknown}
 f - a potion of magic {unknown}
 h - a potion of might {unknown}
 q - a potion of invisibility {unknown}
 r - a potion of cancellation {unknown}
 u - a potion of resistance {unknown}
 v - 2 potions of mutation {unknown}
 A - a potion of heal wounds {@q2}
 B - a potion of ambrosia


   Skills:
 + Level 4.7 Fighting
 - Level 4.6 Axes
 - Level 1.0 Dodging
 + Level 3.5 Spellcasting
 * Level 5.9 Conjurations
 - Level 2.1 Necromancy
 + Level 2.8 Air Magic
 + Level 3.2 Poison Magic
 - Level 1.0 Evocations


You had 10 spell levels left.
You knew the following spells:

 Your Spells              Type           Power      Damage    Failure   Level
a - Magic Dart            Conj           92%        1d7       1%          1
b - Mephitic Cloud        Conj/Pois/Air  16%        N/A       12%         3

Your spell library contained the following spells:

 Spells                   Type           Power      Damage    Failure   Level
 Corpse Rot               Necr/Air       22%        N/A       11%         2
 Sublimation of Blood     Necr           10%        N/A       12%         2
 Call Imp                 Summ           3%         N/A       30%         2
 Ensorcelled Hibernation  Hex/Ice        6%         N/A       30%         2
 Spider Form              Tmut/Pois      8%         N/A       30%         3
 Inner Flame              Hex/Fire       3%         N/A       52%         3
 Anguish                  Hex/Necr       3%         N/A       78%         4
 Cause Fear               Hex            1%         N/A       90%         4
 Discord                  Hex            1%         N/A       100%        8


Dungeon Overview and Level Annotations

Branches:
Dungeon (7/15)             Temple (1/1) D:5           Sewer (visited)

Altars:
Ashenzari
Dithmenos
Elyvilon
Fedhas
Gozag
Hepliaklqana
Kikubaaqudgha
Nemelex Xobeh
Okawaru
Qazlal
Ru
Trog
Uskayaw
Xom
Yredelemnul
Zin
The Shining One

Shops:
D:1 =   D:2 [   D:4 [

Annotations:
D:3 exclusion: downstairs
D:4 Ijyb
D:5 exclusion: upstairs
D:7 Menkaure, Prince Ribbit


Innate Abilities, Weirdness & Mutations

You have a pair of small antennae on your head.
Your demonic aura often causes spilled blood to erupt in flames.
You are partially covered in sharp spines.
You have an unusually large brain. (Int +2)


Message History

An orc priest comes into view. It is wielding a +0 falchion.
Casting: Mephitic Cloud (dangerous; 12% risk of failure)
Confirm with . or Enter, or press ? or * to list all spells.
Aiming: Mephitic Cloud (dangerous; 12% risk of failure)
Press: ? - help, Shift-Dir - straight line You miscast Mephitic Cloud.
You are very lightly contaminated with residual magic.
Nothing appears to happen.
The orc warrior hits you with a +0 war axe!
Casting: Mephitic Cloud (dangerous; 12% risk of failure)
Confirm with . or Enter, or press ? or * to list all spells.
Aiming: Mephitic Cloud (dangerous; 12% risk of failure)
Press: ? - help, Shift-Dir - straight line The ball explodes into a vile cloud!
The stinking cloud engulfs the orc warrior but does no damage.
The orc warrior is lightly wounded.
The orc warrior barely misses you.
You hit the orc warrior but do no damage.
The orc warrior is lightly wounded.
The orc warrior is struck by your spines.
The orc warrior barely misses you.
The orc priest invokes the aid of Beogh against you.
Beogh smites you!
The orc priest miscasts a cantrip.
Your magical contamination has completely faded away.
Menkaure, Prince of Dust comes into view.
The orc priest calls down the wrath of Beogh upon you.
Beogh smites you!
The orc priest mumbles some strange prayers to Beogh against you.
Beogh smites you!
The orc wizard gestures wildly while chanting.
The orc wizard flickers and vanishes!
Deactivating autopickup; reactivate with Ctrl-A.
The orc warrior is struck by your spines.
The orc warrior hits you with a +0 war axe!
* * * LOW HITPOINT WARNING * * *
There is a stone staircase leading up, spattered with blood here.
Menkaure gestures at you while chanting.
Pain shoots through your body!
You die...

#.##
#.......#
.... .#
#.......#
#F.# .##
##.o.....#
#..### M.
##.o.....##
#..<.#
#.##..##...##
#.##.#
#..#.#######
.. .# #.#{#
#.#
#.####.o.# .
......@☼##
.#.####.#####
.. #.....#
#####.#


You could see an orc warrior, Menkaure and 2 orc priests.

Vanquished Creatures
  A water moccasin (D:5)
  Pargi (Sewer)
  An ogre (D:5)
  2 centaurs
  A phantom (D:6)
  A scorpion (D:5)
  A water moccasin skeleton (D:6)
  3 wights (D:4)
  A centaur zombie (D:6)
  3 bullfrog zombies
  A hound (D:4)
  A bullfrog skeleton (D:5)
  An orc priest (D:4)
  An iguana (D:5)
  Natasha (thrice) (D:2)
  An orc wizard (D:4)
  A hound skeleton (D:4)
  A howler monkey zombie (D:5)
  3 gnolls (D:3)
  A howler monkey skeleton (D:6)
  14 adders
  A shadow imp (D:7)
  An ufetubus (D:6)
  An adder skeleton (D:5)
  5 dart slugs
  9 orcs
  11 ball pythons
  5 bats
  9 endoplasms
  4 giant cockroaches
  6 goblins
  8 hobgoblins
  9 jackals
  9 kobolds
  3 quokkas
  8 frilled lizards
  4 rats
136 creatures vanquished.

Notes
Turn   | Place    | Note
-------+----------+-------------------------------------------
     0 | D:1      | freelancePsychic the Demonspawn Wanderer began the quest
                  | for the Orb.
     0 | D:1      | freelancePsychic set off with the following items: a +2
                  | hand axe, a +0 helmet, a +0 robe; and the following spells
                  | available to memorise: Sublimation of Blood, Corpse Rot
     0 | D:1      | Reached XP level 1. HP: 15/15 MP: 2/2
   105 | D:1      | Found a faded altar of an unknown god.
   149 | D:1      | Gained mutation: You have an unusually large brain. (Int
                  | +2) [demonic ancestry]
   149 | D:1      | Reached XP level 2. HP: 11/21 MP: 3/3
   317 | D:1      | Found Nuywaneama's Jewellery Shoppe.
  1065 | D:1      | Gained mutation: Your demonic aura sometimes causes spilled
                  | blood to erupt in flames. [demonic ancestry]
  1065 | D:1      | Reached XP level 3. HP: 27/27 MP: 4/4
  1182 | D:2      | Found Boipeob's Antique Armour Shoppe.
  2130 | D:2      | Gained mutation: You have a pair of small antennae on your
                  | head. [demonic ancestry]
  2130 | D:2      | Reached XP level 4. HP: 33/33 MP: 5/5
  2202 | D:2      | Noticed Natasha
  2213 | D:2      | Killed Natasha
  2214 | D:2      | Reached skill level 1 in Conjurations
  2544 | D:2      | Noticed Natasha
  2552 | D:2      | Killed Natasha
  2553 | D:2      | Reached skill level 2 in Conjurations
  2558 | D:2      | Learned a level 1 spell: Magic Dart
  2649 | D:2      | Gained mutation: You are partially covered in sharp spines.
                  | [demonic ancestry]
  2649 | D:2      | Reached XP level 5. HP: 36/40 MP: 6/6
  2773 | D:2      | Noticed Natasha
  2775 | D:2      | Killed Natasha
  3667 | D:3      | Reached skill level 3 in Conjurations
  4005 | D:3      | Gained mutation: Your demonic aura often causes spilled
                  | blood to erupt in flames. [demonic ancestry]
  4005 | D:3      | Reached XP level 6. HP: 47/47 MP: 5/8
  4272 | D:4      | Noticed Ijyb
  4318 | D:4      | Found a glowing drain.
  4328 | Sewer    | Entered a sewer
  4348 | Sewer    | Learned a level 3 spell: Mephitic Cloud
  4403 | Sewer    | Noticed Pargi
  4411 | Sewer    | Killed Pargi
  4856 | D:4      | Reached skill level 1 in Poison Magic
  5021 | D:4      | Reached skill level 4 in Conjurations
  5021 | D:4      | Reached skill level 1 in Air Magic
  5047 | D:4      | Found an ancient bone altar of Kikubaaqudgha.
  5099 | D:5      | Entered Level 5 of the Dungeon
  5154 | D:5      | Noticed a water moccasin
  5163 | D:5      | Killed a water moccasin
  5164 | D:5      | Reached XP level 7. HP: 24/53 MP: 10/10
  5869 | D:5      | Found a staircase to the Ecumenical Temple.
  5880 | D:5      | Reached skill level 5 in Conjurations
  5882 | Temple   | Entered the Ecumenical Temple
  5976 | Temple   | Became a worshipper of Ru the Awakened
  6460 | D:6      | Identified the +0 scale mail of Divine Intervention {rF+
                  | rN+ rCorr}
  6604 | D:4      | Reached XP level 8. HP: 32/59 MP: 12/12
  6702 | D:4      | Found an opulent altar of Gozag.
  6758 | D:4      | Found Rasei's Armour Shop.
  6764 | D:4      | Bought a +0 pair of boots for 63 gold pieces
  7165 | D:6      | Found a hide-covered altar of Uskayaw.
  7563 | D:6      | Found an iron altar of Okawaru.
  7689 | D:7      | Noticed Prince Ribbit
  7792 | D:7      | Noticed Menkaure
  7794 | D:7      | Killed from afar by Menkaure

Illustrated notes

Levels and vault maps discovered:
D:1:      lightli_arrival_lavapool, layout_basic, serial_shops, shop_statue,
          chequers_ecumenical_altar_island, amcnicky_mini_corridor_feature,
          interstate_on_off
D:2:      layout_loops_ring, serial_shops, shop, basic_altar,
          minmay_misc_feat_room, grunt_ministairs_12, uniq_natasha
D:3:      layout_loops_corners, minmay_increasing_density
D:4:      layout_basic, kennysheep_mini, overflow_temple_1_default,
          serial_shops, nicolae_shop_stone, portal_sewer_entry_d,
          uniq_blork_the_orc, uniq_ijyb
D:5:      layout_basic, minmay_temple_entry_stoned_glass
D:6:      layout_basic, nicolae_uskayaw_suspiria, mainiacjoe_overflow_two_lobes
D:7:      layout_rooms, abandoned_shop, uniq_maggie, uniq_menkaure,
          uniq_prince_ribbit1
Temple:   nicolae_temple_hex_pool

Skill      XL: |  1  2  3  4  5  6  7  8 |
---------------+-------------------------+-----
Axes           | 4 |  4.6
Fighting       | 2 3 4 |  4.7
Conjurations   | 2 3 4 5 |  5.9
Spellcasting   | 2 3 |  3.5
Poison Magic   | 1 2 3 |  3.2
Air Magic      | 1 2 |  2.8
Dodging        | |  1.0
Necromancy     | |  2.1
Evocations     | |  1.0

Action                   |  1- 3 |  4- 6 |  7- 9 || total
-------------------------+-------+-------+-------++-------
Melee: Hand axe          |   115 |   145 |   129 ||   389
       Punch             |     1 |       |     1 ||     2
 Cast: Magic Dart        |       |    45 |    25 ||    70
       Mephitic Cloud    |       |       |     5 ||     5
Evoke: Wand              |       |       |     1 ||     1
  Use: Scroll            |       |    10 |     1 ||    11
       Potion            |       |     5 |     3 ||     8
Armor: Robe              |    14 |       |       ||    14
       Leather armour    |    24 |    33 |    18 ||    75
       Scale mail        |       |       |     5 ||     5
Dodge: Dodged            |    64 |    78 |    78 ||   220

Table legend: (Time is in decaauts)
 A = Elapsed time spent in this place.
 B = Non-inter-level travel time spent in this place.
 C = Inter-level travel time spent in this place.
 D = Time resting spent in this place.
 E = Time spent auto-exploring this place.
 F = Levels seen in this place.
 G = Mean time per level.
                   A        B        C        D        E       F      G
               +--------+--------+--------+--------+--------+-----+--------+
         Total |   7880 |   7344 |    536 |    782 |   5151 |   9 |  875.6 |
       Dungeon |   7415 |   6897 |    518 |    782 |   4794 |   7 | 1059.3 |
        Temple |    113 |     95 |     18 |      0 |     74 |   1 |  113.0 |
         Sewer |    351 |    351 |      0 |      0 |    283 |   1 |  351.0 |
               +--------+--------+--------+--------+--------+-----+--------+

Top non-repeatable levels by time:
     D:2: 1575 daAuts
     D:3: 1423 daAuts
     D:1: 1418 daAuts
     D:5: 1283 daAuts
     D:6: 841 daAuts
     D:4: 801 daAuts
   Sewer: 351 daAuts
  Temple: 113 daAuts
     D:7: 71 daAuts
